 Dungeon Crawl Stone Soup version 0.28.0-53-g5a82cb258f (webtiles) character file.

Game seed: 6307927855274667009

89448 safid the Devastator (level 15, -17/100 HPs)
             Began as a Gargoyle Earth Elementalist on Sept 6, 2022.
             Was an Elder of Sif Muna.
             Killed from afar by a fire dragon (46 damage)
             ... with a blast of flame
             ... on level 14 of the Dungeon.
             The game lasted 01:06:44 (40337 turns).

safid the Devastator (Gargoyle Earth Elementalist) Turns: 40337, Time: 01:06:45

Health: -17/100    AC: 22    Str: 14    XL:     15   Next: 97%
Magic:  5/31       EV: 12    Int: 21    God:    Sif Muna [****..]
Gold:   415        SH:  5    Dex: 12    Spells: 17/38 levels left

rFire   . . .      SeeInvis .   j - staff of earth
rCold   + . .      Faith    .   (no shield)
rNeg    + + +      Spirit   .   K - +1 robe {rC+}
rPois   ∞          Reflect  +   t - +3 helmet of the Game of Kings {rN+ Dex+2}
rElec   +          Harm     .   u - +0 cloak
rCorr   .          Rampage  .   d - +1 pair of gloves
Will    +....                   e - +0 pair of boots
Stlth   ++........              D - amulet of reflection
HPRegen 0.26/turn               k - ring of positive energy
MPRegen 0.22/turn               f - ring of wizardry

@: about to teleport, flying
A: sickness immunity, AC +11, big wings, negative energy resistance 1,
electricity resistance, torment resistance 1, petrification resistance
a: Renounce Religion, Channel Magic, Forget Spell, Divine Exegesis


You were on level 14 of the Dungeon.
You worshipped Sif Muna.
Sif Muna was greatly pleased with you.
You visited 4 branches of the dungeon, and saw 23 of its levels.

You collected 2217 gold pieces.
You spent 1749 gold pieces at shops.
You donated 53 gold pieces to Zin.

Inventory:

Missiles
 c - 281 stones
 l - 4 throwing nets
 C - 2 silver javelins
Armour
 d - a +1 pair of gloves (worn)
 e - a +0 pair of boots (worn)
 t - the +3 helmet of the Game of Kings (worn) {rN+ Dex+2}
   (You bought it in a shop on level 2 of the Orcish Mines)

   Dex:       It affects your dexterity (+2).
   rN:        It protects you from negative energy.
 u - a +0 cloak (worn)
 K - a +1 robe of cold resistance (worn)
Magical Staves
 j - a staff of earth (weapon)
Jewellery
 f - a ring of wizardry (right hand)
 k - a ring of positive energy (left hand)
 D - an amulet of reflection (around neck)
 J - a ring of ice
Wands
 y - a wand of charming (13)
 B - a wand of iceblast (14)
 H - a wand of polymorph (7)
 O - a wand of acid (5)
 P - a wand of paralysis (10)
Scrolls
 b - a scroll of holy word
 m - 5 scrolls of teleportation
 n - 2 scrolls of silence
 q - 4 scrolls of fear
 r - 3 scrolls of fog
 s - 3 scrolls of amnesia
 v - 5 scrolls of enchant weapon
 w - 4 scrolls of enchant armour
 E - a scroll of blinking
 F - a scroll of magic mapping
Potions
 a - 3 potions of invisibility
 g - 6 potions of curing
 h - 2 potions of haste
 i - 3 potions of berserk rage
 o - 3 potions of lignification
 p - 3 potions of ambrosia
 x - 5 potions of brilliance
 z - 3 potions of might
 A - 3 potions of mutation
 I - 3 potions of attraction
 N - a potion of magic {unknown}
Miscellaneous
 L - a phantom mirror
 M - a condenser vane


   Skills:
 - Level 14.0 Fighting
 - Level 2.0 Dodging
 - Level 2.1 Stealth
 - Level 12.0 Spellcasting
 - Level 17.0 Conjurations
 - Level 2.0 Translocations
 - Level 1.0 Transmutations
 + Level 6.7 Fire Magic
 - Level 12.0 Earth Magic
 + Level 7.3 Invocations
 - Level 6.0 Evocations


You had 17 spell levels left.
You knew the following spells:

 Your Spells              Type           Power      Damage    Failure   Level
a - Sandblast             Erth           100%       2d20      1%          1
b - Stone Arrow           Conj/Erth      100%       3d13      1%          3
c - Iskenderun's Mystic   Conj/Tloc      51%        2d11      1%          4
d - Fireball              Conj/Fire      29%        3d13      1%          5
e - Ignition              Fire           20%        3d7       100%        8

Your spell library contained the following spells:

 Spells                   Type           Power      Damage    Failure   Level
 Apportation              Tloc           42%        N/A       1%          1
 Beastly Appendage        Tmut           32%        N/A       1%          1
 Passwall                 Tmut/Erth      46%        N/A       1%          2
 Conjure Flame            Conj/Fire      58%        6-21      1%          3
 Dazzling Flash           Conj/Hex       96%        N/A       1%          3
 Hailstorm                Conj/Ice       48%        3d11      1%          4
 Leda's Liquefaction      Hex/Erth       27%        N/A       1%          4
 Petrify                  Tmut/Erth      56%        N/A       1%          4
 Lee's Rapid Deconstruct  Erth           38%        3d20*     1%          5
 Wereblood                Tmut           16%        N/A       2%          2
 Gell's Gravitas          Tloc           21%        N/A       2%          3
 Ignite Poison            Fire/Tmut/Pois 23%        N/A       2%          3
 Teleport Other           Tloc           21%        N/A       2%          3
 Starburst                Conj/Fire      29%        6d9       2%          6
 Spider Form              Tmut/Pois      14%        N/A       5%          3
 Confusing Touch          Hex            12%        N/A       6%          3
 Frozen Ramparts          Ice            24%        1d4       6%          3
 Ozocubu's Armour         Ice            12%        N/A       6%          3
 Freezing Cloud           Conj/Ice/Air   18%        6-21      6%          5
 Ice Form                 Ice/Tmut       14%        N/A       16%         4
 Anguish                  Hex/Necr       6%         N/A       21%         4
 Cause Fear               Hex            6%         N/A       21%         4
 Summon Ice Beast         Ice/Summ       12%        N/A       21%         4
 Alistair's Intoxication  Tmut/Pois      9%         N/A       41%         5
 Metabolic Englaciation   Hex/Ice        6%         N/A       47%         5
 Silence                  Hex/Air        6%         N/A       47%         5
 Summon Mana Viper        Hex/Summ       12%        N/A       47%         5
 Dispersal                Tloc           10%        N/A       77%         6
 Simulacrum               Ice/Necr       6%         N/A       95%         6
 Monstrous Menagerie      Summ           6%         N/A       100%        7
 Ozocubu's Refrigeration  Ice            6%         4d6       100%        7
 Polar Vortex             Ice            6%         N/A       100%        9
 Statue Form              Tmut/Erth      Unusable   N/A       N/A         6

Dungeon Overview and Level Annotations

Branches:
Dungeon (14/15)            Temple (1/1) D:7            Lair (6/6) D:10
  Swamp (0/4) Lair:4       Spider (0/4) Lair:2        Slime (0/5) Lair:5
    Orc (2/2) D:12            Elf (0/3) Orc:2        Vaults (0/5) D:14

Altars:
Ashenzari
Cheibriados
Dithmenos
Elyvilon
Fedhas
Gozag
Hepliaklqana
Kikubaaqudgha
Makhleb
Nemelex Xobeh
Okawaru
Qazlal
Ru
Sif Muna
Trog
Uskayaw
Wu Jian
Xom
Yredelemnul
Zin
The Shining One
Beogh
Ignis

Shops:
D:4 ?   Orc:1 :   Orc:2 (([=


Innate Abilities, Weirdness & Mutations

You are immune to sickness and miasma.
Your stone body is resilient. (AC +11)
You are immune to poison.
Your large and strong wings let you fly.
You resist negative energy. (rN+)
You are resistant to electric shocks. (rElec)
You are resistant to unholy torment.
You are immune to petrification.


Message History

The tengu warrior is almost dead.
The mystic blast hits the vault guard.
The vault guard is severely wounded.
The vault guard is knocked back by the mystic blast.
The vault guard slams into the metal wall!
The vault guard is almost dead.
The boulder beetle is engulfed in blazing flames.
The deep elf pyromancer hits you but does no damage.
The tengu warrior hits you with a +0 great sword!
The tengu warrior pecks you but does no damage.
The tengu warrior claws you but does no damage.
The vault guard hits you with a +1 great sword of electrocution.
You hear some strange, mumbled words.
The boulder beetle leaps!
Your surroundings suddenly seem different.
Unknown command.
Unknown command.
Unknown command.
Unknown command.
Unknown command.
Unknown command.
Unknown command.
Unknown command.
Unknown command.
Unknown command.
Unknown command.
Unknown command.
A fire dragon comes into view.
The fire dragon roars deafeningly!
A slime creature comes into view.
The slime creature quivers.
The fire dragon breathes flames at you. The blast of flame hits you!
* * * LOW HITPOINT WARNING * * *
A slime creature comes into view.
As you read the scroll of teleportation, it crumbles to dust.
You feel strangely unstable. The fire dragon breathes flames at you.
The blast of flame hits you!!!
You die...

######. .# J.....#.#
. #...#..#
..##.J#...#
....#....# #...
#..#.....# #..#
..##..##D.#
#..##..##..##..#
#....J#..#..@..#
#....#....#....#
#...#..##..#...#
#..#...##...#..#
#.#..........#.#
#####....#.###.....#
.................###
...##.......##...#
..####.....####..#


You could see a fire dragon (catching breath).

Vanquished Creatures
  Jorgrun (Orc:1)
  Azrael (D:14)
  An ettin (Orc:2)
  A fire dragon (Lair:6)
  11 hydras
  Fannar (Lair:2)
  Harold (D:11)
  2 ogre magi (Orc:2)
  Erica (D:10)
  14 two-headed ogres
  3 centaur warriors
  2 tengu warriors
  9 death yaks
  2 orc high priests (Orc:1)
  An iron troll (Orc:1)
  A deep troll (Orc:1)
  A wizard (D:9)
  A bog body (Lair:4)
  A lindwurm (Lair:6)
  2 deep elf pyromancers
  An orc knight (Orc:1)
  3 ugly things
  3 orc sorcerers
  3 cyclopes
  3 manticores
  6 elephants
  8 black mambas
  2 molten gargoyles (Lair:6)
  A torpor snail (Lair:6)
  14 cane toads
  14 komodo dragons
  2 rime drakes
  A kobold demonologist (D:13)
  A meliai (Lair:2)
  A tengu conjurer (D:8)
  13 trolls
  3 polar bears
  3 hornets
  10 blink frogs
  7 dream sheep (Lair:6)
  15 slime creatures
  5 wraiths
  4 wyverns
  54 yaks
  4 fire elementals (D:14)
  4 steam dragons
  10 basilisks
  3 wargs
  2 acid dragons
  6 hell hounds
  24 water moccasins
  A black bear (Lair:2)
  3 ice beasts (D:5)
  3 sky beasts
  13 orc warriors
  21 ogres
  4 necrophages
  27 wolves
  10 centaurs
  2 phantoms
  15 bullfrogs
  3 kobold brigands
  A wyvern zombie (D:6)
  2 scorpions
  A gnoll sergeant (D:12)
  2 water moccasin zombies
  5 killer bees
  4 wights (D:6)
  4 electric eels
  3 howler monkeys (D:8)
  4 centaur zombies
  5 lava snakes (Lair:6)
  3 orc priests
  6 hounds
  4 jellies
  A bullfrog skeleton (D:6)
  2 gnoll shamans
  2 iguanas (D:4)
  3 centaur skeletons
  14 orc wizards
  2 killer bee zombies (D:6)
  2 howler monkey zombies (D:7)
  15 gnolls
  10 adders
  A howler monkey skeleton (D:7)
  2 shadow imps
  2 white imps (D:6)
  An ufetubus (D:4)
  2 adder skeletons (D:4)
  A worm (D:4)
  4 dart slugs
  53 orcs
  8 endoplasms
  3 giant cockroaches
  4 goblins
  9 hobgoblins
  6 jackals
  23 kobolds
  5 quokkas
  4 ball pythons (D:4)
  9 bats
  3 frilled lizards
  3 rats
  A toadstool (D:1)
628 creatures vanquished.

Vanquished Creatures (others)
  2 orc priests (Orc:1)
  30 fungi
  48 plants
  3 toadstools (D:1)
83 creatures vanquished.

Grand Total: 711 creatures vanquished

Notes
Turn   | Place    | Note
-------+----------+-------------------------------------------
     0 | D:1      | safid the Gargoyle Earth Elementalist began the quest for
                  | the Orb.
     0 | D:1      | Reached XP level 1. HP: 10/10 MP: 3/3
   441 | D:1      | Reached XP level 2. HP: 8/16 MP: 3/5
   660 | D:1      | Found a faded altar of an unknown god.
   811 | D:1      | Reached skill level 1 in Fighting
  1288 | D:1      | Reached XP level 3. HP: 18/20 MP: 6/6
  2945 | D:3      | Reached XP level 4. HP: 14/26 MP: 7/7
  3259 | D:3      | Learned a level 3 spell: Stone Arrow
  3757 | D:3      | Reached XP level 5. HP: 22/31 MP: 9/9
  3965 | D:3      | Reached skill level 1 in Conjurations
  4059 | D:3      | Found a bloodstained altar of Trog.
  4064 | D:3      | Found a glowing silver altar of Zin.
  4412 | D:4      | Reached skill level 5 in Earth Magic
  4606 | D:4      | Noticed a necrophage
  4611 | D:4      | Killed a necrophage
  4612 | D:4      | Reached skill level 2 in Conjurations
  4612 | D:4      | Reached XP level 6. HP: 37/37 MP: 6/11
  5339 | D:4      | Reached skill level 3 in Conjurations
  5339 | D:4      | Reached XP level 7. HP: 42/42 MP: 9/12
  5503 | D:4      | Found Emylil's Magic Scroll Shop.
  5509 | D:4      | Bought a scroll of fog for 22 gold pieces
  5509 | D:4      | Bought a scroll of fear for 38 gold pieces
  5509 | D:4      | Bought a scroll of amnesia for 38 gold pieces
  5509 | D:4      | Bought a scroll of teleportation for 33 gold pieces
  5509 | D:4      | Bought a scroll of identify for 22 gold pieces
  5509 | D:4      | Bought a scroll of identify for 22 gold pieces
  6202 | D:5      | Entered Level 5 of the Dungeon
  6674 | D:5      | Noticed a yak
  6727 | D:4      | Reached XP level 8. HP: 42/48 MP: 5/14
  6814 | D:5      | Reached skill level 4 in Conjurations
  6941 | D:5      | Reached skill level 5 in Fighting
  7639 | D:5      | Reached skill level 5 in Spellcasting
  7711 | D:5      | Reached skill level 5 in Conjurations
  7904 | D:5      | Killed a yak
  8116 | D:5      | Reached XP level 9. HP: 55/55 MP: 10/17
  9066 | D:6      | Found a hazy altar of Hepliaklqana.
  9455 | D:6      | Reached skill level 6 in Conjurations
 10150 | D:6      | Found a hide-covered altar of Uskayaw.
 10368 | D:7      | Found a stormy altar of Qazlal.
 10903 | D:7      | Found an ancient bone altar of Kikubaaqudgha.
 11515 | D:7      | Found a staircase to the Ecumenical Temple.
 11536 | Temple   | Entered the Ecumenical Temple
 11720 | D:7      | Reached skill level 7 in Conjurations
 11720 | D:7      | Reached XP level 10. HP: 63/63 MP: 9/19
 12649 | D:8      | Identified the +4 ring mail "Nefibosy" {rPois}
 12697 | D:8      | Noticed a tengu warrior
 12743 | D:8      | Killed a tengu warrior
 13504 | D:9      | Reached skill level 8 in Conjurations
 13563 | D:9      | Reached skill level 10 in Earth Magic
 14020 | D:9      | Reached XP level 11. HP: 71/71 MP: 10/22
 14136 | D:9      | Noticed a wizard
 14139 | D:8      | Reached skill level 9 in Conjurations
 14396 | D:9      | Killed a wizard
 14715 | D:1      | Prayed at the altar of an unknown god.
 14715 | D:1      | Became a worshipper of Zin the Law-Giver
 14715 | D:1      | Reached * piety under Zin
 14715 | D:1      | Reached ** piety under Zin
 15137 | D:9      | Reached *** piety under Zin
 15404 | D:10     | Entered Level 10 of the Dungeon
 15677 | D:10     | Noticed Erica
 15683 | D:10     | Killed Erica
 15684 | D:10     | Reached skill level 10 in Fighting
 15796 | D:10     | Found a sacrificial altar of Ru.
 15811 | D:10     | Found a shimmering blue altar of Sif Muna.
 15815 | D:10     | Fell from the grace of Zin
 15815 | D:10     | Became a worshipper of Sif Muna the Loreminder
 15847 | D:10     | Found an ornate altar of the Wu Jian Council.
 15954 | D:10     | Noticed a two-headed ogre
 15958 | D:10     | Killed a two-headed ogre
 15959 | D:10     | Reached skill level 10 in Conjurations
 16340 | D:10     | Found a staircase to the Lair.
 16481 | Lair:1   | Entered Level 1 of the Lair of Beasts
 16790 | Lair:1   | Learned a level 4 spell: Iskenderun's Mystic Blast
 16830 | Lair:1   | Reached * piety under Sif Muna
 16831 | Lair:1   | Reached XP level 12. HP: 61/78 MP: 18/25
 17765 | Lair:2   | Noticed Fannar
 17770 | Lair:2   | Killed Fannar
 18060 | Lair:1   | Reached skill level 11 in Conjurations
 18376 | Lair:2   | Reached skill level 10 in Spellcasting
 18852 | Lair:2   | Found a hole to the Spider Nest.
 18927 | Lair:2   | Noticed a four-headed hydra
 18979 | Lair:2   | Killed a four-headed hydra
 18980 | Lair:2   | Reached skill level 1 in Transmutations
 19172 | Lair:2   | Reached skill level 1 in Translocations
 20353 | Lair:3   | Reached skill level 1 in Evocations
 20500 | Lair:3   | Noticed a five-headed hydra
 20505 | Lair:3   | Killed a five-headed hydra
 20506 | Lair:3   | Reached XP level 13. HP: 85/85 MP: 14/27
 20586 | Lair:3   | Reached ** piety under Sif Muna
 20843 | Lair:3   | Reached skill level 12 in Conjurations
 22898 | Lair:4   | Found a staircase to the Swamp.
 24013 | Lair:5   | Reached skill level 5 in Evocations
 24144 | Lair:5   | Reached *** piety under Sif Muna
 24145 | Lair:5   | Reached skill level 13 in Conjurations
 24272 | Lair:5   | Found a staircase to the Slime Pits.
 24982 | Lair:6   | Entered Level 6 of the Lair of Beasts
 25185 | Lair:5   | Gained mutation: Your large and strong wings let you fly.
                  | [Gargoyle growth]
 25185 | Lair:5   | Reached XP level 14. HP: 54/92 MP: 17/29
 25589 | Lair:5   | Reached skill level 14 in Conjurations
 25974 | Lair:6   | Found a white marble altar of Elyvilon.
 26512 | Lair:6   | Reached **** piety under Sif Muna
 26516 | Lair:6   | Reached skill level 15 in Conjurations
 27721 | Lair:6   | Reached skill level 16 in Conjurations
 27883 | Lair:6   | Found a large runed translucent door.
 27883 | Lair:6   | Found a large runed translucent door.
 27960 | Lair:6   | Reached skill level 1 in Fire Magic
 28163 | Lair:6   | Reached skill level 1 in Invocations
 28772 | D:11     | Reached ***** piety under Sif Muna
 28785 | D:11     | Received a gift from Sif Muna
 28786 | D:11     | Got Sif Muna's Compendium of the Oath and Flames {god gift}
 29137 | D:11     | Found a shadowy altar of Dithmenos.
 29351 | D:11     | Noticed Harold
 29357 | D:11     | Killed Harold
 30212 | D:12     | Found an ornate altar of the Wu Jian Council.
 30384 | D:12     | Reached XP level 15. HP: 65/97 MP: 12/31
 31219 | D:12     | Found a staircase to the Orcish Mines.
 31279 | Orc:1    | Entered Level 1 of the Orcish Mines
 31954 | Orc:1    | Paralysed by an orc sorcerer for 6 turns
 32788 | Orc:1    | Found Bepetod's Book Emporium.
 32799 | Orc:1    | Bought a book of the Earth for 576 gold pieces
 32799 | Orc:1    | Bought a book of Fire for 704 gold pieces
 32805 | Orc:1    | Learned a level 5 spell: Fireball
 32814 | Orc:1    | Learned a level 8 spell: Ignition
 33074 | Orc:2    | Entered Level 2 of the Orcish Mines
 33112 | Orc:2    | Found Xuwuho Lell's Antique Weapon Shoppe.
 33500 | Orc:2    | Found a staircase to the Elven Halls.
 33506 | Orc:2    | Noticed Jorgrun
 33665 | Orc:2    | Found Mumuw's Weapon Shop.
 34288 | Orc:1    | Reached skill level 5 in Invocations
 34482 | Orc:1    | Killed Jorgrun
 35110 | Orc:2    | Reached skill level 5 in Fire Magic
 35225 | Orc:2    | Found Bymower's Jewellery Shoppe.
 35256 | Orc:2    | Found Fept's Antique Armour Emporium.
 36495 | Orc:2    | Reached skill level 17 in Conjurations
 36579 | Orc:2    | Bought a glimmering helmet for 294 gold pieces
 36579 | Orc:2    | Identified the +3 helmet of the Game of Kings {rN+ Dex+2}
                  | (You bought it in a shop on level 2 of the Orcish Mines)
 39699 | D:14     | Identified the +8 plate armour of the Catfish {Stlth+}
 39889 | D:14     | Noticed Azrael
 39896 | D:14     | Killed Azrael
 40301 | D:14     | Found a gate to the Vaults.
 40337 | D:14     | Killed from afar by a fire dragon

Illustrated notes

Levels and vault maps discovered:
D:1:      ldierk_water_garden, layout_loops_ring,
          hellmonk_ecumenical_altar_zigzags, minivault_14, minmay_unequal
D:2:      layout_basic
D:3:      layout_loops_ring, amethyst_overflow_temple_binary
D:4:      kennysheep_six_static_rooms, layout_loops_ring, serial_shops, shop,
          supply_closet_lemuel, minmay_door_square, kennysheep_small_square
D:5:      cheibrodos_fzero, layout_layer_cave, kennysheep_cluttered_room
D:6:      layout_basic, nicolae_overflow_hidden_temple, amcnicky_altar_gilded,
          nicolae_uskayaw_murder_on_the_dancefloor
D:7:      layout_layer_cave, kennysheep_mini_moat, mainiacjoe_overflow_24_doors,
          minmay_temple_entry_large_hall, serial_bayou_ford_a, minmay_circle_x
D:8:      layout_basic
D:9:      cheibrodos_wizards_tower, layout_loops_ring
D:10:     layout_small_grid, kennysheep_little_box,
          mainiacjoe_overflow_big_doors, david_lair_shrubbed, uniq_erica
D:11:     layout_big_octagon, small_statue_intersection,
          corexii_leaking_fountain, minmay_hedge_maze,
          grunt_dithmenos_smoke_and_mirrors, uniq_harold
D:12:     layout_gridville, hiddenorc1_lemuel, nicolae_wu_jian_wuxing_cycle
D:13:     layout_basic, minivault_14
D:14:     layout_small_grid, lightli_vaults_fourway_checkpoint, minivault_26,
          cheibrodos_worm_habitat, uniq_azrael
Temple:   pdpol_scorched_temple
Lair:1:   layout_hall_layers, infiniplex_staircase_pool
Lair:2:   nzn_winding_woodlands_medium [nzn_winding_woodlands_5x5_perimeter,
          nzn_winding_woodlands_5x15_sidewinder,
          nzn_winding_woodlands_5x5_closed_star,
          nzn_winding_woodlands_5x5_cross,
          nzn_winding_woodlands_center_triple_pond,
          nzn_winding_woodlands_5x5_open_star, nzn_winding_woodlands_5x5_three,
          nzn_winding_woodlands_5x15_crooked, nzn_winding_woodlands_hourglass],
          layout_loops_ring, hellmonk_spider_entry_not_the_bees,
          beast_lair_carwin_3, uniq_fannar
Lair:3:   layout_long_grid, grunt_megastairs_4, lemuel_fruit_fields
Lair:4:   layout_cave_pods, skrybe_swamp_entry_bodies
Lair:5:   layout_cave_shapes, minmay_slime_entry_pillars
Lair:6:   cheibrodos_lair_end_hotspot, layout_big_grid, basic_altar,
          kennysheep_basilisk_garden
Orc:1:    layout_caves, serial_shops, shop, bh_open_orc_temple
Orc:2:    st_orc_open, layout_caves, lightli_orcish_oven, uniq_jorgrun

Skill      XL: |  1  2  3  4  5  6  7  8  9 10 11 12 13 14 15 |
---------------+----------------------------------------------+-----
Fighting       | 1 2 3 4 6 7 9 10 11 12 14 | 14.0
Earth Magic    | 4 5 6 7 9 10 12 | 12.0
Dodging        | 2 |  2.0
Spellcasting   | 3 4 5 6 7 9 10 11 12 | 12.0
Conjurations   | 2 3 5 7 8 10 11 13 16 17 | 17.0
Transmutations | 1 |  1.0
Translocations | 2 |  2.0
Evocations     | 1 5 6 |  6.0
Fire Magic     | 3 6 |  6.7
Invocations    | 3 7 |  7.3
Stealth        | |  2.1

Action                   |  1- 3 |  4- 6 |  7- 9 | 10-12 | 13-15 || total
-------------------------+-------+-------+-------+-------+-------++-------
Melee: Unarmed           |    39 |       |       |       |       ||    39
       Dagger            |    30 |       |       |       |       ||    30
       Short sword       |    48 |       |       |       |       ||    48
       Punch             |     4 |     1 |     3 |     1 |     1 ||    10
       Staff             |    67 |   189 |   174 |    77 |    84 ||   591
 Cast: Sandblast         |     9 |    28 |    19 |   127 |   229 ||   412
       Stone Arrow       |       |       |   107 |   208 |   637 ||   952
       Iskenderun's Myst |       |       |       |       |    41 ||    41
       Fireball          |       |       |       |       |     1 ||     1
Invok: Channel Magic     |       |       |       |       |     3 ||     3
  Use: Scroll            |       |       |     7 |     7 |    15 ||    29
       Potion            |       |       |       |       |     7 ||     7
 Stab: Sleeping          |     4 |     5 |     2 |       |       ||    11
Armor: Robe              |    90 |    94 |   129 |   130 |   402 ||   845
Dodge: Dodged            |   143 |   140 |   150 |   163 |   452 ||  1048
Block: Other             |       |       |       |       |     7 ||     7
       Reflection        |       |       |       |       |     2 ||     2
